[ PARTIDA AOE2 · #467978413 ]
Team RMWei vs Vikings
[ ANÁLISIS DE REPETICIÓN · EXTRAÍDO DE LA PARTIDA GRABADA ]
Feudal
13:14
Castillos
26:21
Imperial
48:28
| APM promedio | 16.6 |
| APM pico | 43 |
| eAPM promedio | 13.7 |
| Aldeanos / militares | 121 / 173 |
Foco
⚔️ 42.0% · 🌾 58.0%
Scout Cavalry ×173 · Unknown (1949) ×61 · Trade Cart ×52 · Unknown (1944) ×35 · Unknown (1942) ×10 · Unknown (1954) ×2
Feudal
14:47
Castillos
23:50
Imperial
41:49
| APM promedio | 17.0 |
| APM pico | 47 |
| eAPM promedio | 11.9 |
| Aldeanos / militares | 157 / 212 |
Foco
⚔️ 36.4% · 🌾 63.6%
Skirmisher ×97 · Warrior Priest ×40 · Spearman ×34 · Militia ×15 · Trebuchet (Packed) ×13 · Monk ×9
Feudal
17:35
Castillos
31:03
Imperial
—
| APM promedio | 29.3 |
| APM pico | 95 |
| eAPM promedio | 10.9 |
| Aldeanos / militares | 69 / 153 |
Foco
⚔️ 28.7% · 🌾 71.3%
Scout Cavalry ×89 · Fishing Ship ×45 · Spearman ×33 · Knight ×20 · Coustillier ×9 · Monk ×1
Feudal
12:25
Castillos
25:45
Imperial
40:45
| APM promedio | 17.0 |
| APM pico | 37 |
| eAPM promedio | 10.5 |
| Aldeanos / militares | 113 / 139 |
Foco
⚔️ 33.5% · 🌾 66.5%
Spearman ×64 · Mangudai ×53 · Mangonel ×9 · Trade Cart ×7 · Scout Cavalry ×4 · Steppe Lancer ×4
Feudal
12:25
Castillos
23:45
Imperial
60:57
| APM promedio | 18.7 |
| APM pico | 43 |
| eAPM promedio | 13.0 |
| Aldeanos / militares | 135 / 113 |
Foco
⚔️ 25.4% · 🌾 74.6%
Skirmisher ×41 · Camel Scout ×32 · Archer ×29 · Trade Cart ×24 · Spearman ×5 · Petard ×4
Feudal
18:02
Castillos
22:07
Imperial
35:44
| APM promedio | 13.3 |
| APM pico | 31 |
| eAPM promedio | 9.0 |
| Aldeanos / militares | 119 / 73 |
Foco
⚔️ 28.3% · 🌾 71.7%
Archer ×52 · Spearman ×16 · Monk ×2 · Trebuchet (Packed) ×2 · Mangonel ×1
Mapa de la partida
Recursos al inicio + cada clic de construcción. Línea gruesa = muro · recuadro discontinuo = muro de casas detectado. 🟡 oro · ⚪ piedra · 🟢 bayas · 🔶 jabalí · ⭕ reliquia
Inputs por minuto
— matzeksuperstar - - Duckman_Drake
Build order — matzeksuperstar
Primeras 150 de 620 acciones detectadas
| 0:18 | Construir | Town Center |
| 3:21 | Crear | Villager (Male) |
| 3:21 | Crear | Villager (Male) |
| 3:22 | Crear | Villager (Male) |
| 3:22 | Crear | Villager (Male) |
| 3:31 | Construir | House |
| 3:36 | Construir | House |
| 4:17 | Construir | Lumber Camp |
| 5:01 | Investigar | Loom |
| 5:31 | Crear | Villager (Male) |
| 6:15 | Crear | Villager (Male) |
| 6:39 | Crear | Villager (Male) |
| 7:11 | Crear | Villager (Male) |
| 7:20 | Construir | House |
| 7:42 | Construir | House |
| 7:47 | Crear | Villager (Male) |
| 7:53 | Crear | Villager (Male) |
| 8:13 | Crear | Villager (Male) |
| 8:48 | Construir | Mill |
| 8:55 | Crear | Villager (Male) |
| 9:06 | Crear | Villager (Male) |
| 9:45 | Crear | Villager (Male) |
| 9:45 | Crear | Villager (Male) |
| 11:04 | Investigar | Feudal Age |
| 11:40 | Construir | Barracks |
| 11:50 | Construir | House |
| 12:05 | Crear | Villager (Male) |
| 12:05 | Crear | Villager (Male) |
| 13:14 | Edad | Edad Feudal |
| 13:18 | Investigar | Double-Bit Axe |
| 13:21 | Investigar | Horse Collar |
| 13:36 | Construir | Mining Camp |
| 13:42 | Crear | Villager (Male) |
| 14:00 | Construir | Stable |
| 14:15 | Construir | Farm |
| 14:21 | Crear | Villager (Male) |
| 14:21 | Crear | Villager (Male) |
| 14:28 | Construir | Farm |
| 14:39 | Construir | Farm |
| 14:45 | Construir | Farm |
| 14:50 | Crear | Villager (Male) |
| 14:58 | Investigar | Gold Mining |
| 15:04 | Crear | Villager (Male) |
| 15:11 | Construir | House |
| 15:15 | Construir | House |
| 15:16 | Construir | House |
| 15:38 | Construir | Farm |
| 15:46 | Construir | Farm |
| 15:47 | Crear | Villager (Male) |
| 15:51 | Construir | Farm |
| 15:58 | Construir | Farm |
| 16:16 | Construir | Farm |
| 16:17 | Crear | Villager (Male) |
| 16:21 | Construir | Farm |
| 16:33 | Construir | House |
| 16:39 | Construir | Stone Wall |
| 16:44 | Crear | Villager (Male) |
| 17:06 | Crear | Villager (Male) |
| 17:21 | Construir | Farm |
| 17:22 | Crear | Villager (Male) |
| 17:38 | Construir | Farm |
| 17:41 | Crear | Scout Cavalry |
| 17:43 | Crear | Villager (Male) |
| 18:02 | Crear | Scout Cavalry |
| 18:27 | Construir | House |
| 18:30 | Construir | House |
| 18:31 | Construir | House |
| 18:32 | Construir | House |
| 18:34 | Construir | House |
| 18:38 | Construir | House |
| 18:40 | Construir | House |
| 18:42 | Investigar | Stone Mining |
| 18:44 | Crear | Villager (Male) |
| 18:45 | Crear | Villager (Male) |
| 19:10 | Construir | Mill |
| 19:16 | Crear | Villager (Male) |
| 19:17 | Crear | Villager (Male) |
| 19:28 | Crear | Villager (Male) |
| 19:38 | Construir | Farm |
| 20:08 | Construir | House |
| 20:09 | Construir | House |
| 20:10 | Construir | House |
| 20:11 | Construir | House |
| 20:13 | Construir | House |
| 20:16 | Construir | House |
| 20:25 | Crear | Villager (Male) |
| 20:25 | Crear | Villager (Male) |
| 20:51 | Construir | Blacksmith |
| 20:55 | Crear | Scout Cavalry |
| 21:24 | Construir | Building 490 |
| 21:31 | Construir | Stone Wall |
| 21:36 | Investigar | Wheelbarrow |
| 21:40 | Crear | Villager (Male) |
| 21:40 | Crear | Villager (Male) |
| 21:50 | Construir | House |
| 21:53 | Construir | House |
| 21:54 | Construir | House |
| 22:33 | Construir | Stone Wall |
| 23:32 | Investigar | Castle Age |
| 23:49 | Construir | Stable |
| 23:57 | Construir | Stable |
| 24:02 | Crear | Villager (Male) |
| 24:02 | Crear | Villager (Male) |
| 25:34 | Construir | Market |
| 25:55 | Investigar | Bloodlines |
| 26:21 | Edad | Edad de los Castillos |
| 26:45 | Construir | Town Center |
| 27:18 | Crear | Villager (Male) |
| 27:18 | Crear | Villager (Male) |
| 27:19 | Crear | Villager (Male) |
| 27:19 | Crear | Villager (Male) |
| 27:24 | Investigar | Forging |
| 27:29 | Crear | Unit 1944 |
| 27:30 | Crear | Unit 1944 |
| 27:30 | Crear | Unit 1944 |
| 27:30 | Crear | Unit 1944 |
| 27:30 | Crear | Unit 1944 |
| 27:38 | Investigar | Heavy Plow |
| 27:59 | Investigar | Bow Saw |
| 28:07 | Construir | Farm |
| 28:11 | Construir | Farm |
| 28:14 | Crear | Villager (Male) |
| 28:14 | Crear | Villager (Male) |
| 28:24 | Investigar | Iron Casting |
| 28:31 | Crear | Unit 1944 |
| 28:39 | Construir | Farm |
| 28:43 | Construir | Farm |
| 28:43 | Construir | Farm |
| 28:44 | Construir | Farm |
| 28:45 | Construir | Farm |
| 28:52 | Construir | Farm |
| 28:56 | Construir | Farm |
| 29:10 | Construir | Lumber Camp |
| 29:16 | Construir | Farm |
| 29:19 | Construir | Farm |
| 29:25 | Construir | Farm |
| 29:37 | Crear | Villager (Male) |
| 29:38 | Crear | Villager (Male) |
| 29:42 | Investigar | Gold Shaft Mining |
| 29:50 | Crear | Unit 1944 |
| 29:50 | Crear | Unit 1944 |
| 30:05 | Crear | Villager (Male) |
| 30:42 | Crear | Villager (Male) |
| 30:42 | Crear | Villager (Male) |
| 30:42 | Crear | Villager (Male) |
| 30:53 | Crear | Unit 1944 |
| 30:53 | Crear | Unit 1944 |
| 30:53 | Crear | Unit 1944 |
| 31:47 | Investigar | Caravan |
| 31:47 | Crear | Trade Cart |
Build order — Duckman_Drake
Primeras 150 de 461 acciones detectadas
| 1:01 | Construir | Town Center |
| 2:40 | Construir | House |
| 3:01 | Construir | House |
| 3:10 | Crear | Villager (Male) |
| 3:10 | Crear | Villager (Male) |
| 3:10 | Crear | Villager (Male) |
| 3:11 | Crear | Villager (Male) |
| 4:26 | Crear | Villager (Male) |
| 5:07 | Crear | Villager (Male) |
| 5:27 | Crear | Villager (Male) |
| 5:31 | Investigar | Loom |
| 6:04 | Crear | Villager (Male) |
| 6:21 | Crear | Villager (Male) |
| 6:35 | Construir | Mill |
| 6:46 | Crear | Villager (Male) |
| 7:05 | Construir | House |
| 7:11 | Crear | Villager (Male) |
| 7:30 | Crear | Villager (Male) |
| 8:30 | Construir | House |
| 8:51 | Construir | Mule Cart |
| 9:09 | Crear | Villager (Male) |
| 9:11 | Crear | Villager (Male) |
| 9:44 | Crear | Villager (Male) |
| 10:13 | Crear | Villager (Male) |
| 10:29 | Crear | Villager (Male) |
| 10:54 | Crear | Villager (Male) |
| 11:40 | Crear | Villager (Male) |
| 12:37 | Investigar | Feudal Age |
| 13:10 | Construir | House |
| 13:20 | Crear | Villager (Male) |
| 13:58 | Construir | Barracks |
| 14:35 | Crear | Villager (Male) |
| 14:47 | Edad | Edad Feudal |
| 14:59 | Crear | Villager (Male) |
| 15:05 | Investigar | Horse Collar |
| 15:21 | Investigar | Double-Bit Axe |
| 15:36 | Construir | Blacksmith |
| 15:51 | Construir | Farm |
| 16:11 | Crear | Villager (Male) |
| 16:23 | Crear | Villager (Male) |
| 16:44 | Construir | Market |
| 16:52 | Crear | Villager (Male) |
| 16:57 | Construir | House |
| 17:03 | Crear | Villager (Male) |
| 17:22 | Construir | Farm |
| 17:26 | Crear | Villager (Male) |
| 17:35 | Construir | Farm |
| 17:37 | Construir | Farm |
| 17:48 | Construir | Farm |
| 17:54 | Crear | Villager (Male) |
| 18:11 | Construir | Farm |
| 18:20 | Construir | Farm |
| 18:23 | Construir | Farm |
| 18:34 | Crear | Villager (Male) |
| 18:45 | Construir | House |
| 18:55 | Crear | Villager (Male) |
| 19:05 | Construir | Farm |
| 19:16 | Construir | Farm |
| 19:25 | Crear | Villager (Male) |
| 19:35 | Construir | Farm |
| 19:43 | Construir | Farm |
| 19:51 | Construir | Farm |
| 19:59 | Crear | Villager (Male) |
| 20:04 | Crear | Villager (Male) |
| 20:18 | Construir | Mill |
| 20:31 | Construir | House |
| 21:10 | Investigar | Castle Age |
| 21:15 | Construir | Farm |
| 21:16 | Construir | Farm |
| 21:31 | Investigar | Gold Mining |
| 22:04 | Construir | Dock |
| 22:16 | Construir | Dock |
| 22:22 | Investigar | Wheelbarrow |
| 22:23 | Crear | Villager (Male) |
| 22:47 | Construir | Mule Cart |
| 23:02 | Crear | Fishing Ship |
| 23:13 | Construir | House |
| 23:45 | Investigar | Stone Mining |
| 23:50 | Edad | Edad de los Castillos |
| 24:30 | Construir | Town Center |
| 24:36 | Crear | Villager (Male) |
| 24:42 | Investigar | Heavy Plow |
| 24:46 | Investigar | Bow Saw |
| 24:51 | Investigar | Gold Shaft Mining |
| 25:07 | Investigar | Tech 906 |
| 25:07 | Crear | Demolition Raft |
| 25:10 | Crear | Fishing Ship |
| 25:17 | Crear | Trade Cart |
| 25:50 | Crear | Villager (Male) |
| 25:50 | Crear | Villager (Male) |
| 26:21 | Construir | Town Center |
| 26:36 | Crear | Spearman |
| 26:36 | Crear | Spearman |
| 26:47 | Construir | Monastery |
| 26:55 | Investigar | Hand Cart |
| 26:56 | Crear | Villager (Male) |
| 26:56 | Crear | Villager (Male) |
| 27:10 | Crear | Villager (Male) |
| 27:27 | Construir | Mule Cart |
| 27:35 | Crear | Warrior Priest |
| 27:36 | Crear | Warrior Priest |
| 27:39 | Investigar | Sanctity |
| 27:40 | Investigar | Fervor |
| 27:44 | Investigar | Squires |
| 27:46 | Crear | Spearman |
| 27:57 | Crear | Villager (Male) |
| 28:06 | Construir | Farm |
| 28:11 | Construir | Farm |
| 28:31 | Crear | Villager (Male) |
| 28:32 | Crear | Villager (Male) |
| 29:06 | Investigar | Gillnets |
| 29:07 | Crear | Fishing Ship |
| 29:10 | Crear | Villager (Male) |
| 29:11 | Crear | Villager (Male) |
| 29:22 | Construir | House |
| 29:27 | Construir | House |
| 29:29 | Construir | House |
| 30:49 | Crear | Villager (Male) |
| 30:49 | Crear | Villager (Male) |
| 30:50 | Crear | Villager (Male) |
| 30:50 | Crear | Villager (Male) |
| 31:03 | Crear | Villager (Male) |
| 31:04 | Crear | Villager (Male) |
| 31:04 | Crear | Villager (Male) |
| 31:09 | Construir | Farm |
| 31:14 | Crear | Warrior Priest |
| 31:27 | Construir | Mule Cart |
| 32:30 | Investigar | Pikeman (upgrade) |
| 32:31 | Crear | Spearman |
| 32:31 | Crear | Spearman |
| 32:46 | Construir | Monastery |
| 32:53 | Crear | Monk |
| 33:03 | Construir | University |
| 33:10 | Construir | Siege Workshop |
| 33:55 | Crear | Warrior Priest |
| 33:55 | Crear | Warrior Priest |
| 34:11 | Crear | Warrior Priest |
| 34:12 | Crear | Warrior Priest |
| 34:12 | Crear | Warrior Priest |
| 34:12 | Crear | Warrior Priest |
| 34:29 | Investigar | Halberdier (upgrade) |
| 34:30 | Crear | Spearman |
| 34:30 | Crear | Spearman |
| 34:30 | Crear | Spearman |
| 34:46 | Construir | Castle |
| 36:19 | Crear | Warrior Priest |
| 36:19 | Crear | Warrior Priest |
| 36:19 | Crear | Warrior Priest |
| 36:20 | Crear | Warrior Priest |
| 36:20 | Crear | Warrior Priest |
Build order — Sunraider3
Primeras 150 de 251 acciones detectadas
| 2:35 | Construir | Town Center |
| 4:19 | Crear | Villager (Male) |
| 4:19 | Crear | Villager (Male) |
| 4:20 | Crear | Villager (Male) |
| 4:28 | Construir | House |
| 4:42 | Crear | Villager (Male) |
| 6:05 | Crear | Villager (Male) |
| 6:05 | Crear | Villager (Male) |
| 6:26 | Construir | House |
| 6:30 | Construir | House |
| 6:40 | Construir | Lumber Camp |
| 6:55 | Crear | Villager (Male) |
| 7:06 | Crear | Villager (Male) |
| 7:07 | Crear | Villager (Male) |
| 7:07 | Crear | Villager (Male) |
| 8:10 | Crear | Villager (Male) |
| 8:11 | Crear | Villager (Male) |
| 8:43 | Crear | Villager (Male) |
| 8:47 | Investigar | Loom |
| 9:17 | Investigar | Double-Bit Axe |
| 9:46 | Crear | Villager (Male) |
| 9:51 | Crear | Villager (Male) |
| 10:23 | Crear | Villager (Male) |
| 10:24 | Crear | Villager (Male) |
| 10:49 | Construir | House |
| 11:56 | Construir | Mill |
| 12:05 | Crear | Villager (Male) |
| 12:05 | Crear | Villager (Male) |
| 12:30 | Crear | Villager (Male) |
| 12:33 | Investigar | Feudal Age |
| 12:41 | Crear | Villager (Male) |
| 12:41 | Crear | Villager (Male) |
| 13:03 | Construir | Barracks |
| 13:23 | Construir | House |
| 13:25 | Construir | House |
| 13:28 | Construir | House |
| 13:36 | Crear | Villager (Male) |
| 13:59 | Investigar | Wheelbarrow |
| 14:11 | Construir | House |
| 14:18 | Construir | House |
| 14:21 | Construir | House |
| 14:22 | Construir | House |
| 14:41 | Investigar | Feudal Age |
| 15:14 | Construir | House |
| 15:45 | Crear | Villager (Male) |
| 15:45 | Crear | Villager (Male) |
| 16:12 | Construir | House |
| 16:27 | Construir | Lumber Camp |
| 17:35 | Edad | Edad Feudal |
| 17:37 | Construir | Stable |
| 17:51 | Crear | Villager (Male) |
| 17:51 | Crear | Villager (Male) |
| 17:53 | Investigar | Bow Saw |
| 18:14 | Crear | Villager (Male) |
| 18:14 | Crear | Villager (Male) |
| 18:18 | Construir | Mining Camp |
| 18:21 | Crear | Villager (Male) |
| 18:23 | Crear | Scout Cavalry ×2 |
| 18:55 | Construir | Blacksmith |
| 19:26 | Crear | Villager (Male) |
| 19:26 | Crear | Villager (Male) |
| 19:32 | Investigar | Hand Cart |
| 19:49 | Investigar | Gold Mining |
| 19:52 | Crear | Villager (Male) |
| 19:52 | Crear | Villager (Male) |
| 19:57 | Crear | Scout Cavalry |
| 19:57 | Crear | Scout Cavalry |
| 20:13 | Construir | Mill |
| 20:22 | Construir | Mill |
| 20:31 | Crear | Villager (Male) |
| 20:31 | Crear | Villager (Male) |
| 20:31 | Crear | Villager (Male) |
| 20:42 | Construir | Mining Camp |
| 20:47 | Crear | Scout Cavalry |
| 20:47 | Crear | Scout Cavalry |
| 21:14 | Investigar | Forging |
| 21:15 | Investigar | Scale Barding Armor |
| 21:27 | Crear | Villager (Male) |
| 21:35 | Construir | Mill |
| 22:03 | Construir | Lumber Camp |
| 22:11 | Crear | Villager (Male) |
| 22:11 | Crear | Villager (Male) |
| 22:46 | Construir | Mill |
| 23:17 | Crear | Scout Cavalry |
| 23:17 | Crear | Scout Cavalry |
| 23:18 | Crear | Scout Cavalry |
| 23:22 | Crear | Villager (Male) |
| 23:32 | Construir | Mill |
| 24:13 | Crear | Scout Cavalry |
| 24:25 | Construir | Stable |
| 25:03 | Crear | Scout Cavalry ×5 |
| 25:26 | Crear | Scout Cavalry ×3 |
| 25:33 | Crear | Scout Cavalry ×4 |
| 25:42 | Crear | Villager (Male) ×4 |
| 25:58 | Construir | Farm |
| 25:58 | Construir | Farm |
| 25:58 | Construir | Farm |
| 25:58 | Construir | Farm |
| 25:59 | Construir | Farm |
| 25:59 | Construir | Farm |
| 26:39 | Construir | Mining Camp |
| 26:47 | Crear | Villager (Male) |
| 26:47 | Crear | Villager (Male) |
| 26:50 | Construir | Mill |
| 26:51 | Construir | Farm |
| 26:51 | Construir | Farm |
| 26:52 | Construir | Farm |
| 26:52 | Construir | Farm |
| 26:58 | Construir | Farm |
| 26:58 | Construir | Farm |
| 27:44 | Construir | Mining Camp |
| 28:23 | Investigar | Castle Age |
| 28:43 | Construir | Farm |
| 29:17 | Investigar | Fletching |
| 29:23 | Investigar | Gold Shaft Mining |
| 29:23 | Investigar | Stone Mining |
| 29:23 | Investigar | Stone Mining |
| 30:14 | Investigar | Stone Mining |
| 31:03 | Edad | Edad de los Castillos |
| 31:11 | Construir | Castle |
| 31:14 | Construir | House |
| 31:17 | Construir | House |
| 31:23 | Investigar | Cavalier (upgrade) |
| 31:25 | Investigar | Husbandry |
| 31:28 | Investigar | Chain Barding Armor |
| 31:38 | Construir | House |
| 31:42 | Construir | House |
| 31:44 | Construir | House |
| 32:14 | Crear | Knight |
| 32:49 | Construir | Castle |
| 33:07 | Crear | Villager (Male) ×5 |
| 33:31 | Crear | Knight |
| 33:38 | Construir | Monastery |
| 33:53 | Construir | Castle |
| 34:08 | Construir | Castle |
| 34:12 | Crear | Coustillier |
| 34:41 | Crear | Villager (Male) ×5 |
| 34:58 | Crear | Villager (Male) ×5 |
| 37:14 | Crear | Villager (Male) |
| 37:15 | Crear | Villager (Male) |
| 37:20 | Construir | Lumber Camp |
| 38:13 | Construir | Mining Camp |
| 38:20 | Construir | Mining Camp |
| 38:37 | Construir | Market |
| 38:39 | Construir | Market |
| 38:40 | Construir | Market |
| 39:17 | Crear | Coustillier |
| 39:49 | Construir | Dock |
| 39:53 | Construir | Dock |
| 39:55 | Construir | Dock |
Build order — scheffler577
Primeras 150 de 370 acciones detectadas
| 1:12 | Construir | Town Center |
| 2:35 | Construir | House |
| 2:35 | Construir | House |
| 3:39 | Crear | Villager (Male) |
| 3:39 | Crear | Villager (Male) |
| 3:39 | Crear | Villager (Male) |
| 3:39 | Crear | Villager (Male) |
| 4:15 | Investigar | Loom |
| 5:22 | Crear | Villager (Male) |
| 5:22 | Crear | Villager (Male) |
| 5:23 | Crear | Villager (Male) |
| 7:04 | Construir | Mill |
| 7:10 | Crear | Villager (Male) |
| 7:10 | Crear | Villager (Male) |
| 7:10 | Crear | Villager (Male) |
| 8:50 | Crear | Villager (Male) |
| 8:51 | Crear | Villager (Male) |
| 9:21 | Construir | Lumber Camp |
| 9:34 | Crear | Villager (Male) |
| 9:34 | Crear | Villager (Male) |
| 9:59 | Construir | House |
| 10:00 | Construir | House |
| 10:15 | Investigar | Feudal Age |
| 11:22 | Crear | Villager (Male) |
| 11:22 | Crear | Villager (Male) |
| 11:23 | Crear | Villager (Male) |
| 11:23 | Crear | Villager (Male) |
| 11:23 | Crear | Villager (Male) |
| 12:25 | Edad | Edad Feudal |
| 12:27 | Investigar | Double-Bit Axe |
| 12:57 | Construir | Blacksmith |
| 14:29 | Construir | Lumber Camp |
| 14:34 | Crear | Villager (Male) |
| 14:35 | Crear | Villager (Male) |
| 14:35 | Crear | Villager (Male) |
| 14:44 | Construir | Barracks |
| 15:22 | Construir | House |
| 15:23 | Construir | House |
| 15:31 | Crear | Villager (Male) |
| 15:47 | Construir | Stable |
| 16:04 | Construir | Farm |
| 16:05 | Construir | Farm |
| 16:16 | Construir | Farm |
| 16:20 | Investigar | Wheelbarrow |
| 16:44 | Construir | Farm |
| 16:45 | Construir | Farm |
| 16:54 | Construir | Farm |
| 17:13 | Construir | Farm |
| 17:28 | Crear | Scout Cavalry |
| 17:43 | Construir | Lumber Camp |
| 17:48 | Crear | Villager (Male) |
| 17:49 | Crear | Villager (Male) |
| 18:06 | Crear | Scout Cavalry |
| 18:59 | Crear | Villager (Male) |
| 19:00 | Crear | Villager (Male) |
| 19:16 | Construir | Farm |
| 19:17 | Construir | Farm |
| 19:20 | Construir | Farm |
| 19:24 | Construir | Farm |
| 19:31 | Construir | Farm |
| 19:33 | Construir | Farm |
| 19:41 | Construir | Farm |
| 19:43 | Construir | Farm |
| 20:05 | Crear | Villager (Male) |
| 20:10 | Crear | Villager (Male) |
| 20:38 | Construir | Market |
| 21:15 | Crear | Villager (Male) |
| 21:16 | Crear | Villager (Male) |
| 21:28 | Construir | House |
| 21:30 | Construir | House |
| 21:52 | Crear | Villager (Male) |
| 21:52 | Crear | Villager (Male) |
| 22:01 | Construir | Mining Camp |
| 22:09 | Crear | Scout Cavalry |
| 22:10 | Crear | Scout Cavalry |
| 22:21 | Construir | Watch Tower |
| 23:05 | Investigar | Castle Age |
| 23:13 | Construir | Mining Camp |
| 24:07 | Investigar | Stone Mining |
| 24:10 | Investigar | Gold Mining |
| 24:15 | Investigar | Fletching |
| 24:56 | Crear | Villager (Male) |
| 24:56 | Crear | Villager (Male) |
| 24:56 | Crear | Villager (Male) |
| 24:57 | Crear | Villager (Male) |
| 25:45 | Edad | Edad de los Castillos |
| 26:00 | Construir | Castle |
| 26:08 | Construir | Lumber Camp |
| 26:44 | Construir | Town Center |
| 27:27 | Crear | Villager (Male) |
| 27:27 | Crear | Villager (Male) |
| 27:28 | Crear | Villager (Male) |
| 27:28 | Crear | Villager (Male) |
| 27:43 | Crear | Mangudai |
| 27:43 | Crear | Mangudai |
| 27:49 | Construir | Farm |
| 28:16 | Construir | Siege Workshop |
| 28:28 | Crear | Villager (Male) |
| 28:28 | Crear | Villager (Male) |
| 28:28 | Crear | Villager (Male) |
| 28:28 | Crear | Villager (Male) |
| 28:28 | Crear | Villager (Male) |
| 28:34 | Construir | Farm |
| 28:44 | Crear | Mangudai |
| 28:55 | Crear | Steppe Lancer |
| 28:55 | Crear | Steppe Lancer |
| 29:25 | Crear | Mangonel |
| 29:35 | Investigar | Bow Saw |
| 29:38 | Crear | Villager (Male) |
| 29:38 | Crear | Villager (Male) |
| 29:38 | Crear | Villager (Male) |
| 29:45 | Construir | Farm |
| 30:21 | Crear | Battering Ram |
| 30:26 | Crear | Mangudai |
| 31:13 | Crear | Mangudai |
| 31:14 | Crear | Mangudai |
| 31:23 | Construir | Town Center |
| 31:38 | Crear | Steppe Lancer |
| 31:38 | Crear | Steppe Lancer |
| 33:43 | Crear | Villager (Male) |
| 33:43 | Crear | Villager (Male) |
| 33:43 | Crear | Villager (Male) |
| 33:44 | Crear | Villager (Male) |
| 33:44 | Crear | Villager (Male) |
| 33:44 | Crear | Villager (Male) |
| 33:44 | Crear | Villager (Male) |
| 33:44 | Crear | Villager (Male) |
| 33:58 | Construir | Mining Camp |
| 34:20 | Crear | Villager (Male) |
| 34:20 | Crear | Villager (Male) |
| 34:20 | Crear | Villager (Male) |
| 34:20 | Crear | Villager (Male) |
| 34:37 | Crear | Trade Cart |
| 34:37 | Crear | Trade Cart |
| 34:37 | Crear | Trade Cart |
| 34:38 | Crear | Trade Cart |
| 35:09 | Crear | Spearman |
| 35:09 | Crear | Spearman |
| 35:10 | Crear | Spearman |
| 35:10 | Crear | Spearman |
| 35:43 | Construir | Mining Camp |
| 36:01 | Investigar | Hand Cart |
| 36:21 | Construir | Lumber Camp |
| 36:26 | Investigar | Pikeman (upgrade) |
| 36:35 | Construir | House |
| 36:35 | Construir | House |
| 36:35 | Construir | House |
| 36:35 | Construir | House |
| 36:36 | Construir | House |
| 36:36 | Construir | House |
Build order — LordFlaaf
Primeras 150 de 407 acciones detectadas
| 0:25 | Construir | Town Center |
| 2:37 | Crear | Villager (Male) |
| 2:38 | Crear | Villager (Male) |
| 2:43 | Construir | House |
| 2:44 | Construir | House |
| 2:48 | Crear | Villager (Male) |
| 2:48 | Crear | Villager (Male) |
| 3:07 | Investigar | Loom |
| 3:50 | Crear | Villager (Male) |
| 4:31 | Crear | Villager (Male) |
| 4:31 | Crear | Villager (Male) |
| 4:49 | Construir | Lumber Camp |
| 4:59 | Crear | Villager (Male) |
| 5:34 | Crear | Villager (Male) |
| 5:59 | Crear | Villager (Male) |
| 6:26 | Crear | Villager (Male) |
| 6:57 | Crear | Villager (Male) |
| 7:06 | Construir | House |
| 7:21 | Crear | Villager (Male) |
| 7:42 | Construir | Mill |
| 7:52 | Crear | Villager (Male) |
| 8:09 | Crear | Villager (Male) |
| 8:19 | Crear | Villager (Male) |
| 8:50 | Construir | House |
| 8:59 | Crear | Villager (Male) |
| 9:23 | Crear | Villager (Male) |
| 10:15 | Investigar | Feudal Age |
| 10:35 | Construir | Mining Camp |
| 10:47 | Construir | Lumber Camp |
| 11:19 | Crear | Villager (Male) |
| 11:36 | Construir | Barracks |
| 12:25 | Edad | Edad Feudal |
| 12:26 | Investigar | Horse Collar |
| 12:40 | Investigar | Double-Bit Axe |
| 12:43 | Construir | Archery Range |
| 12:59 | Crear | Villager (Male) |
| 13:16 | Construir | Archery Range |
| 13:21 | Crear | Villager (Male) |
| 13:56 | Crear | Villager (Male) |
| 13:57 | Crear | Archer |
| 13:58 | Crear | Archer |
| 13:58 | Crear | Archer |
| 13:58 | Crear | Archer |
| 14:12 | Crear | Villager (Male) |
| 14:22 | Construir | Blacksmith |
| 14:27 | Construir | House |
| 14:53 | Construir | House |
| 14:59 | Construir | House |
| 15:03 | Crear | Archer |
| 15:04 | Crear | Archer |
| 15:04 | Crear | Archer |
| 15:14 | Construir | House |
| 15:24 | Crear | Villager (Male) |
| 15:37 | Crear | Archer |
| 15:51 | Construir | Farm |
| 15:53 | Construir | Farm |
| 16:00 | Construir | Farm |
| 16:01 | Construir | Farm |
| 16:09 | Construir | Farm |
| 16:16 | Construir | House |
| 16:29 | Crear | Villager (Male) |
| 16:34 | Construir | Farm |
| 17:06 | Construir | Farm |
| 17:08 | Construir | Farm |
| 17:12 | Crear | Villager (Male) |
| 17:27 | Construir | House |
| 17:33 | Construir | Farm |
| 17:34 | Construir | Farm |
| 17:57 | Crear | Villager (Male) |
| 17:58 | Crear | Villager (Male) |
| 18:06 | Construir | Farm |
| 18:10 | Construir | Farm |
| 18:19 | Crear | Archer |
| 18:20 | Crear | Archer |
| 18:38 | Construir | Mining Camp |
| 18:48 | Crear | Villager (Male) |
| 18:59 | Construir | Farm |
| 19:08 | Crear | Villager (Male) |
| 19:33 | Crear | Villager (Male) |
| 19:47 | Construir | Market |
| 20:10 | Investigar | Wheelbarrow |
| 20:11 | Investigar | Town Watch |
| 21:03 | Investigar | Castle Age |
| 21:07 | Investigar | Wheelbarrow |
| 21:07 | Investigar | Town Watch |
| 21:08 | Crear | Villager (Male) |
| 21:12 | Crear | Archer |
| 21:42 | Crear | Villager (Male) |
| 21:43 | Crear | Villager (Male) |
| 21:44 | Crear | Archer |
| 21:45 | Crear | Skirmisher |
| 21:46 | Crear | Archer |
| 21:46 | Crear | Archer |
| 22:03 | Investigar | Fletching |
| 22:04 | Investigar | Fletching |
| 22:27 | Crear | Villager (Male) |
| 22:27 | Crear | Villager (Male) |
| 23:00 | Crear | Spearman |
| 23:00 | Crear | Spearman |
| 23:00 | Crear | Spearman |
| 23:08 | Crear | Villager (Male) |
| 23:09 | Crear | Archer |
| 23:09 | Crear | Archer |
| 23:09 | Crear | Archer |
| 23:37 | Crear | Spearman |
| 23:38 | Crear | Spearman |
| 23:45 | Edad | Edad de los Castillos |
| 24:12 | Construir | Town Center |
| 24:55 | Crear | Villager (Male) |
| 24:55 | Crear | Villager (Male) |
| 24:55 | Crear | Villager (Male) |
| 25:32 | Construir | Town Center |
| 25:49 | Investigar | Hand Cart |
| 25:52 | Crear | Villager (Male) |
| 25:53 | Crear | Villager (Male) |
| 25:53 | Crear | Villager (Male) |
| 25:54 | Crear | Archer |
| 25:54 | Crear | Archer |
| 26:27 | Crear | Villager (Male) |
| 26:28 | Crear | Villager (Male) |
| 26:29 | Crear | Archer |
| 26:29 | Crear | Archer |
| 26:29 | Crear | Archer |
| 27:33 | Crear | Villager (Male) |
| 27:33 | Crear | Villager (Male) |
| 27:35 | Crear | Archer |
| 27:54 | Investigar | Crossbowman (upgrade) |
| 29:16 | Construir | Farm |
| 29:18 | Construir | Farm |
| 29:28 | Construir | Mining Camp |
| 29:35 | Crear | Villager (Male) |
| 29:36 | Crear | Villager (Male) |
| 29:36 | Crear | Villager (Male) |
| 29:36 | Crear | Villager (Male) |
| 29:36 | Crear | Villager (Male) |
| 29:37 | Crear | Villager (Male) |
| 29:37 | Crear | Villager (Male) |
| 29:37 | Crear | Villager (Male) |
| 29:41 | Construir | Farm |
| 29:43 | Construir | Farm |
| 30:01 | Construir | House |
| 30:02 | Crear | Villager (Male) |
| 30:03 | Crear | Villager (Male) |
| 30:15 | Construir | Farm |
| 30:24 | Crear | Villager (Male) |
| 30:46 | Construir | Farm |
| 30:56 | Construir | Farm |
| 31:02 | Investigar | Heavy Plow |
| 31:23 | Construir | Farm |
| 31:44 | Crear | Villager (Male) |
Build order — CORMOUTE
Primeras 150 de 303 acciones detectadas
| 1:19 | Construir | Mill |
| 1:49 | Construir | Town Center |
| 3:55 | Crear | Villager (Male) |
| 3:55 | Crear | Villager (Male) |
| 3:55 | Crear | Villager (Male) |
| 3:56 | Crear | Villager (Male) |
| 4:01 | Construir | House |
| 4:02 | Construir | House |
| 5:00 | Crear | Villager (Male) |
| 5:36 | Crear | Villager (Male) |
| 6:16 | Crear | Villager (Male) |
| 6:45 | Crear | Villager (Male) |
| 6:47 | Crear | Villager (Male) |
| 7:40 | Crear | Villager (Male) |
| 7:53 | Construir | House |
| 8:17 | Crear | Villager (Male) |
| 8:18 | Crear | Villager (Male) |
| 8:19 | Crear | Villager (Male) |
| 8:40 | Construir | House |
| 9:11 | Crear | Villager (Male) |
| 9:27 | Construir | Mining Camp |
| 9:31 | Crear | Villager (Male) |
| 9:56 | Construir | Farm |
| 10:17 | Construir | Farm |
| 10:18 | Construir | Farm |
| 10:21 | Crear | Villager (Male) |
| 10:22 | Crear | Villager (Male) |
| 10:25 | Crear | Villager (Male) |
| 10:26 | Investigar | Loom |
| 10:51 | Construir | Farm |
| 10:57 | Crear | Villager (Male) |
| 11:25 | Construir | Farm |
| 11:45 | Construir | Farm |
| 12:03 | Construir | Farm |
| 12:12 | Construir | Farm |
| 12:15 | Crear | Villager (Male) |
| 12:16 | Crear | Villager (Male) |
| 12:47 | Construir | House |
| 13:07 | Construir | Farm |
| 13:15 | Construir | Farm |
| 13:24 | Construir | Farm |
| 13:47 | Crear | Villager (Male) |
| 13:49 | Crear | Villager (Male) |
| 14:21 | Construir | Mill |
| 14:37 | Crear | Villager (Male) |
| 14:37 | Crear | Villager (Male) |
| 15:00 | Construir | Barracks |
| 15:11 | Construir | House |
| 15:24 | Crear | Villager (Male) |
| 15:50 | Investigar | Feudal Age |
| 15:57 | Construir | House |
| 16:26 | Construir | Lumber Camp |
| 16:36 | Construir | Lumber Camp |
| 18:02 | Edad | Edad Feudal |
| 18:08 | Construir | Market |
| 18:16 | Construir | Archery Range |
| 18:27 | Crear | Villager (Male) |
| 18:27 | Crear | Villager (Male) |
| 19:11 | Construir | Farm |
| 19:27 | Investigar | Castle Age |
| 19:41 | Investigar | Horse Collar |
| 19:54 | Investigar | Double-Bit Axe |
| 20:11 | Construir | Lumber Camp |
| 20:47 | Crear | Archer |
| 20:47 | Crear | Archer |
| 20:47 | Crear | Archer |
| 20:48 | Crear | Archer |
| 20:48 | Crear | Archer |
| 20:49 | Crear | Archer |
| 20:50 | Crear | Archer |
| 22:07 | Edad | Edad de los Castillos |
| 22:23 | Crear | Archer |
| 22:32 | Construir | Town Center |
| 23:20 | Investigar | Crossbowman (upgrade) |
| 23:29 | Crear | Villager (Male) |
| 23:29 | Crear | Villager (Male) |
| 23:30 | Crear | Villager (Male) |
| 23:30 | Crear | Villager (Male) |
| 23:30 | Crear | Villager (Male) |
| 23:31 | Crear | Villager (Male) |
| 24:01 | Crear | Villager (Male) |
| 24:01 | Crear | Villager (Male) |
| 24:02 | Crear | Villager (Male) |
| 24:02 | Crear | Villager (Male) |
| 24:02 | Crear | Villager (Male) |
| 24:02 | Crear | Villager (Male) |
| 24:14 | Construir | Archery Range |
| 24:18 | Construir | Archery Range |
| 24:25 | Crear | Villager (Male) |
| 24:25 | Crear | Villager (Male) |
| 24:35 | Construir | Blacksmith |
| 24:41 | Crear | Spearman |
| 24:41 | Crear | Spearman |
| 24:49 | Construir | Farm |
| 25:02 | Crear | Archer |
| 25:02 | Crear | Archer |
| 25:20 | Construir | House |
| 25:32 | Investigar | Fletching |
| 25:39 | Construir | House |
| 26:00 | Crear | Villager (Male) |
| 26:06 | Construir | House |
| 26:11 | Investigar | Bodkin Arrow |
| 26:16 | Crear | Archer |
| 26:16 | Crear | Archer |
| 26:16 | Crear | Archer |
| 26:17 | Crear | Archer |
| 26:18 | Crear | Archer |
| 26:18 | Crear | Archer |
| 26:28 | Construir | Siege Workshop |
| 26:42 | Construir | Farm |
| 26:43 | Construir | Farm |
| 26:45 | Construir | Farm |
| 26:46 | Construir | Farm |
| 26:47 | Construir | Farm |
| 26:56 | Investigar | Padded Archer Armor |
| 27:14 | Construir | House |
| 27:15 | Construir | House |
| 27:16 | Construir | House |
| 27:17 | Construir | House |
| 27:39 | Construir | Monastery |
| 29:08 | Crear | Monk |
| 29:14 | Construir | Siege Workshop |
| 29:17 | Crear | Mangonel |
| 29:21 | Crear | Villager (Male) |
| 29:21 | Crear | Villager (Male) |
| 29:21 | Crear | Villager (Male) |
| 29:22 | Crear | Villager (Male) |
| 29:22 | Crear | Villager (Male) |
| 29:37 | Construir | Mining Camp |
| 29:48 | Crear | Archer |
| 29:48 | Crear | Archer |
| 29:48 | Crear | Archer |
| 29:48 | Crear | Archer |
| 29:49 | Crear | Archer |
| 30:00 | Construir | Mining Camp |
| 30:13 | Crear | Villager (Male) |
| 30:13 | Crear | Villager (Male) |
| 30:14 | Crear | Villager (Male) |
| 30:14 | Crear | Villager (Male) |
| 30:15 | Crear | Villager (Male) |
| 30:41 | Construir | Mining Camp |
| 30:47 | Crear | Villager (Male) |
| 30:48 | Crear | Villager (Male) |
| 30:48 | Crear | Villager (Male) |
| 31:10 | Crear | Archer |
| 31:10 | Crear | Archer |
| 31:10 | Crear | Archer |
| 32:18 | Crear | Villager (Male) |
| 32:18 | Crear | Villager (Male) |
| 32:18 | Crear | Villager (Male) |
Cronología de la partida
| 11:36 | LordFlaaf · first_building Barracks |
| 11:40 | matzeksuperstar · first_building Barracks |
| 12:25 | scheffler577 · age_up feudal |
| 12:25 | LordFlaaf · age_up feudal |
| 12:43 | LordFlaaf · first_building Archery Range |
| 13:03 | Sunraider3 · first_building Barracks |
| 13:14 | matzeksuperstar · age_up feudal |
| 13:58 | Duckman_Drake · first_building Barracks |
| 14:00 | matzeksuperstar · first_building Stable |
| 14:44 | scheffler577 · first_building Barracks |
| 14:47 | Duckman_Drake · age_up feudal |
| 15:00 | CORMOUTE · first_building Barracks |
| 15:47 | scheffler577 · first_building Stable |
| 16:39 | matzeksuperstar · wall_segment Stone Wall x1 |
| 17:35 | Sunraider3 · age_up feudal |
| 17:37 | Sunraider3 · first_building Stable |
| 18:02 | CORMOUTE · age_up feudal |
| 18:16 | CORMOUTE · first_building Archery Range |
| 19:25 | CORMOUTE · first_market_buy 100 food |
| 20:54 | LordFlaaf · first_market_sell 100 wood |
| 20:56 | LordFlaaf · first_market_buy 100 food |
| 21:31 | matzeksuperstar · wall_segment Stone Wall x11 |
| 22:04 | Duckman_Drake · first_building Dock |
| 22:07 | CORMOUTE · age_up castle |
| 22:33 | matzeksuperstar · wall_segment Stone Wall x19 |
| 23:00 | scheffler577 · first_market_sell 100 wood |
| 23:45 | LordFlaaf · age_up castle |
| 23:50 | Duckman_Drake · age_up castle |
| 25:18 | scheffler577 · first_market_buy 100 wood |
| 25:45 | scheffler577 · age_up castle |
| 26:00 | scheffler577 · first_building Castle |
| 26:21 | matzeksuperstar · age_up castle |
| 26:28 | CORMOUTE · first_building Siege Workshop |
| 26:47 | Duckman_Drake · first_building Monastery |
| 27:39 | CORMOUTE · first_building Monastery |
| 28:16 | scheffler577 · first_building Siege Workshop |
| 31:03 | Sunraider3 · age_up castle |
| 31:11 | Sunraider3 · first_building Castle |
| 32:24 | CORMOUTE · first_market_sell 500 wood |
| 32:43 | matzeksuperstar · first_market_sell 100 wood |
| 32:51 | LordFlaaf · first_building Stable |
| 33:10 | Duckman_Drake · first_building Siege Workshop |
| 33:38 | Sunraider3 · first_building Monastery |
| 34:46 | Duckman_Drake · first_building Castle |
| 35:44 | CORMOUTE · age_up imperial |
| 36:22 | CORMOUTE · wall_segment Palisade Wall x6 |
| 36:53 | LordFlaaf · first_building Castle |
| 38:12 | CORMOUTE · first_building Castle |
| 38:24 | matzeksuperstar · first_market_buy 100 stone |
| 38:34 | matzeksuperstar · first_building Castle |
| 39:10 | Duckman_Drake · tribute_sent a jugador 2 |
| 39:10 | Duckman_Drake · tribute_sent a jugador 3 |
| 39:10 | Duckman_Drake · tribute_sent a jugador 4 |
| 39:10 | Duckman_Drake · tribute_sent a jugador 5 |
| 39:10 | Duckman_Drake · tribute_sent a jugador 6 |
| 39:46 | Duckman_Drake · first_building Archery Range |
| 39:49 | Sunraider3 · first_building Dock |
| 40:45 | scheffler577 · age_up imperial |
| 41:15 | Sunraider3 · first_market_sell 500 food |
| 41:49 | Duckman_Drake · age_up imperial |
| 42:06 | Duckman_Drake · first_market_sell 100 wood |
| 45:54 | matzeksuperstar · wall_segment Stone Wall x20 |
| 46:17 | matzeksuperstar · wall_segment Stone Wall x1 |
| 47:28 | matzeksuperstar · first_building Siege Workshop |
| 48:28 | matzeksuperstar · age_up imperial |
| 49:56 | scheffler577 · first_building Monastery |
| 60:57 | LordFlaaf · age_up imperial |
| 63:15 | Sunraider3 · resign |
[ ANÁLISIS IA · 1 CRÉDITO ]
¿Qué pasó realmente en esta partida?
Wolo.gg analiza cada decisión: build order, eco, micro, errores típicos por bracket. Análisis personalizado por WhatsApp o Discord en 30 segundos.
Guía civ
Wei
Guía mapa
MegaRandom
Perfil
matzeksuperstar